 Dungeon Crawl Stone Soup version 0.26-b1-32-g5d43845318 (webtiles) character file.

Game seed: 5690811207748165305

34099 Borgoz the Basher (level 13, 0/124 HPs)
             Began as a Gargoyle Gladiator on Jan 11, 2021.
             Slain by a skeletal warrior
             ... wielding a +0 war axe
             ... led by a skeletal warrior
              (10 damage)
             ... on level 15 of the Dungeon.
             The game lasted 00:24:55 (16049 turns).

Borgoz the Basher (Gargoyle Gladiator)             Turns: 16049, Time: 00:24:55

Health: 0/124      AC: 22    Str: 19    XL:     13   Next: 75%
Magic:  0/13       EV: 21    Int:  8    God:
Gold:   1003       SH:  0    Dex: 20    Spells: 12/12 levels left

rFire    + . .     SeeInvis +   I - +7 whip "Ajyane" {venom, +Blink rElec Int-2 SInv}
rCold    + . .     Faith    .   (no shield)
rNeg     + . .     Spirit   +   D - +2 troll leather armour
rPois    ∞         Reflect  .   c - +1 helmet
rElec    +         Harm     .   u - scarf {rC+ rF+}
rCorr    .         Rampage  .   r - +0 pair of gloves
Will     .....                  h - +0 pair of boots
Stlth    ..........             H - amulet of guardian spirit
HPRegen  0.70/turn              g - +6 ring of dexterity
MPRegen  0.13/turn              y - ring of stealth

@: berserking (expiring), very quick
A: negative energy resistance 1, electricity resistance, unbreathing,
petrification resistance, miasma immunity, AC +9
a: Evoke Blink


You were on level 15 of the Dungeon.
You visited 2 branches of the dungeon, and saw 16 of its levels.
You also visited: Sewer.

You collected 1003 gold pieces.

Inventory:

Hand Weapons
 p - a +4 dire flail of protection
 I - the +7 whip "Ajyane" (weapon) {venom, +Blink rElec Int-2 SInv}
   (You found it on level 15 of the Dungeon)

   It poisons the flesh of those it strikes.
   It affects your intelligence (-2).
   It insulates you from electricity.
   It lets you see invisible.
   It lets you blink.
Missiles
 d - a throwing net (quivered)
Armour
 c - a +1 helmet (worn)
 h - a +0 pair of boots (worn)
 r - a +0 pair of gloves (worn)
 u - a scarf of resistance (worn)
 v - a +1 leather armour of cold resistance
 D - a +2 troll leather armour (worn)
Jewellery
 g - a +6 ring of dexterity (left hand)
 y - a ring of stealth (right hand)
 H - an amulet of guardian spirit (around neck)
Wands
 e - a wand of flame (12)
 w - a wand of iceblast (8)
 F - a wand of disintegration (34)
Scrolls
 a - 4 scrolls of blinking
 k - 12 scrolls of remove curse
 m - 3 scrolls of enchant weapon
 n - a scroll of noise {unknown}
 q - 8 scrolls of teleportation
 s - 5 scrolls of magic mapping
 A - a scroll of silence {unknown}
 B - a scroll of fog {unknown}
 G - a scroll of vulnerability {unknown}
Potions
 f - a potion of attraction {unknown}
 i - 2 potions of magic
 j - 2 potions of might
 o - 9 potions of curing
 t - 5 potions of heal wounds
 x - 2 potions of cancellation {unknown}
 z - 2 potions of brilliance
 C - a potion of mutation
 E - 2 potions of haste


   Skills:
 + Level 10.6 Fighting
 * Level 13.4 Maces & Flails
 - Level 1.7 Throwing
 + Level 10.3 Armour
 * Level 11.6 Dodging


You had 12 spell levels left.
You didn't know any spells.
Your spell library contained the following spells:

 Spells                   Type           Power        Failure   Level
 Corona                   Hex            0%           45%         1
 Magic Dart               Conj           0%           45%         1
 Summon Small Mammal      Summ           0%           45%         1
 Blink                    Tloc           N/A          58%         2
 Call Imp                 Summ           0%           58%         2
 Ensorcelled Hibernation  Hex/Ice        0%           58%         2
 Slow                     Hex            0%           58%         2
 Call Canine Familiar     Summ           0%           83%         3
 Confusing Touch          Hex            0%           83%         3
 Conjure Flame            Conj/Fire      0%           83%         3
 Dazzling Flash           Conj/Hex       0%           83%         3
 Mephitic Cloud           Conj/Pois/Air  0%           83%         3
 Summon Guardian Golem    Hex/Summ       0%           83%         3
 Tukima's Dance           Hex            0%           83%         3
 Summon Ice Beast         Ice/Summ       0%           99%         4
 Summon Lightning Spire   Summ/Air       0%           99%         4


Dungeon Overview and Level Annotations

Branches:
Dungeon (15/15)            Temple (1/1) D:4            Lair (0/6) D:10
    Orc (0/2) D:12         Vaults (0/5) D:13          Sewer (visited)
 Depths: D:15

Altars:
Ashenzari
Cheibriados
Dithmenos
Elyvilon
Fedhas
Gozag
Hepliaklqana
Kikubaaqudgha
Makhleb
Nemelex Xobeh
Okawaru
Qazlal
Ru
Sif Muna
Trog
Uskayaw
Vehumet
Wu Jian
Xom
Yredelemnul
Zin
The Shining One

Shops:
D:5 =   D:14 [

Portals:
Trove: D:11 (show abyssal rune of Zot)


Innate Abilities, Weirdness & Mutations

You are resistant to torment.
Your stone body is resilient. (AC +9)
You are immune to poison.
You resist negative energy. (rN+)
You are resistant to electric shocks. (rElec)
You can survive without breathing.
You are immune to petrification.
You are immune to miasma.


Message History

The centaur warrior hits you but does no damage.
You whack the centaur warrior!
The centaur warrior is severely wounded.
The skeletal warrior barely misses you. The centaur barely misses you.
You whack the centaur warrior!
The centaur warrior looks as sick as possible!
The centaur warrior is almost dead.
The skeletal warrior hits you but does no damage.
The centaur shoots an arrow.
The arrow hits you but does no damage.
You closely miss the skeletal warrior.
The skeletal warrior is lightly damaged.
The skeletal warrior closely misses you.
The centaur hits you but does no damage.
The skeletal warrior hits you with a cursed -1 battleaxe!!
* * * LOW HITPOINT WARNING * * *
You whack the centaur warrior!
You kill the centaur warrior!
You rip and tear the barbed spikes from your body.
The skeletal warrior hits you with a +0 war axe!
You die...

...#######..###
...............
................
.................
......................#
.......c..............#
.(...zzcz.............#
......z@).............#
#.....c).(............#
#.......(.((..........##
#........((.......≈≈≈≈≈≈
#........(.(......≈#####
...#####..######..≈#....
... #..# #...).... #.
#..# #...))... #..#
#...))...


You could see 4 skeletal warriors and 3 centaurs.

Vanquished Creatures
  An ironheart preserver (D:13)
  2 boulder beetles
  A hydra (D:13)
  2 centaur warriors
  2 tengu warriors (D:14)
  4 two-headed ogres
  An orc high priest (D:15)
  A skeletal warrior (D:15)
  2 cyclopes
  2 manticores
  A deep elf mage (D:14)
  7 ugly things
  Joseph (D:8)
  A centaur zombie (D:13)
  5 gargoyles
  A freezing wraith (D:14)
  2 komodo dragons (D:13)
  A yaktaur (D:15)
  2 kobold demonologists (D:13)
  A harpy zombie (D:15)
  A hornet (D:9)
  6 trolls
  5 slime creatures (D:15)
  2 shadows
  2 wraiths (D:11)
  19 yaks
  A steam dragon (D:11)
  A hog (shapeshifter) (D:14)
  Grum (D:10)
  8 vampire mosquitoes
  Menkaure (D:4)
  Edmund (D:4)
  An acid dragon (D:13)
  A two-headed ogre zombie (D:12)
  2 soldier ants
  Duvessa (D:4)
  A water moccasin (D:12)
  11 orc warriors
  5 ice beasts
  2 sky beasts
  2 black bears
  4 phantoms
  2 necrophages
  4 wolves (D:10)
  10 ogres
  7 centaurs
  6 big kobolds
  9 bullfrogs
  Dowan (D:4)
  A wyvern skeleton (D:11)
  4 scorpions
  4 killer bees (D:9)
  10 wights
  5 howler monkeys
  5 hounds
  3 bullfrog zombies
  6 jellies
  3 quasits
  12 orc priests
  12 orc wizards
  3 bullfrog skeletons
  Crazy Yiuf (D:5)
  6 centaur skeletons
  7 iguanas
  9 worker ants
  Natasha (thrice) (D:2)
  7 ogre zombies (D:12)
  2 hound skeletons (D:9)
  A hound zombie (D:9)
  A worker ant zombie (D:7)
  4 gnolls
  22 adders
  10 river rats
  A shadow imp (D:10)
  A white imp (D:7)
  2 ufetubi
  2 adder skeletons
  2 worms
  3 dart slugs
  5 leopard geckos
  53 orcs
  3 ball pythons
  13 giant cockroaches
  13 goblins
  13 hobgoblins
  15 jackals
  27 kobolds
  9 quokkas
  A ball python skeleton (D:6)
  8 bats
  17 frilled lizards
  3 goblin skeletons (D:12)
  3 goblin zombies (D:12)
  2 hobgoblin zombies (D:12)
  An orc skeleton (D:12)
  16 orc zombies (D:12)
  23 rats
534 creatures vanquished.

Vanquished Creatures (others)
  A kobold (D:13)
1 creature vanquished.

Grand Total: 535 creatures vanquished

Notes
Turn   | Place    | Note
-------+----------+-------------------------------------------
     0 | D:1      | Borgoz the Gargoyle Gladiator began the quest for the Orb.
     0 | D:1      | Reached XP level 1. HP: 12/12 MP: 1/1
   261 | D:1      | Reached XP level 2. HP: 16/17 MP: 2/2
   723 | D:1      | Reached skill level 1 in Armour
   723 | D:1      | Reached XP level 3. HP: 22/22 MP: 3/3
  1531 | D:2      | Reached XP level 4. HP: 21/27 MP: 4/4
  1774 | D:2      | Noticed Natasha
  1791 | D:2      | Killed Natasha
  1792 | D:2      | Reached skill level 4 in Maces & Flails
  1792 | D:2      | Reached XP level 5. HP: 11/32 MP: 5/5
  1818 | D:2      | Noticed Natasha
  1834 | D:2      | Killed Natasha
  1995 | D:2      | Noticed Natasha
  2004 | D:2      | Killed Natasha
  2331 | D:2      | Reached XP level 6. HP: 37/37 MP: 6/6
  2648 | D:3      | Found a sparkling altar of Nemelex Xobeh.
  3038 | D:3      | Reached skill level 5 in Maces & Flails
  3695 | D:4      | Reached XP level 7. HP: 42/42 MP: 7/7
  3792 | D:4      | Noticed Menkaure
  3794 | D:4      | Noticed Dowan
  3799 | D:4      | Noticed Duvessa
  3810 | D:4      | Killed Duvessa
  3819 | D:4      | Killed Menkaure
  3824 | D:4      | Killed Dowan
  3990 | D:4      | Reached XP level 8. HP: 44/48 MP: 8/8
  4191 | D:4      | Found a staircase to the Ecumenical Temple.
  4193 | D:4      | Noticed Edmund
  4200 | D:4      | Killed Edmund
  4201 | D:4      | Reached skill level 6 in Maces & Flails
  4201 | D:4      | Reached skill level 5 in Dodging
  4306 | Temple   | Entered the Ecumenical Temple
  4956 | D:5      | Entered Level 5 of the Dungeon
  4984 | D:5      | Found a runed translucent door.
  4985 | D:5      | Noticed Crazy Yiuf
  5026 | D:5      | Found Ynahad's Jewellery Emporium.
  5049 | D:5      | Found a glowing drain.
  5069 | Sewer    | Entered a sewer
  5750 | D:5      | Reached skill level 5 in Fighting
  6072 | D:5      | Killed Crazy Yiuf
  6073 | D:5      | Reached skill level 7 in Maces & Flails
  6136 | D:6      | Reached XP level 9. HP: 41/54 MP: 9/9
  6449 | D:6      | Reached skill level 5 in Armour
  6815 | D:6      | Found a sacrificial altar of Ru.
  6975 | D:6      | Found a white marble altar of Elyvilon.
  6978 | D:6      | Found a burning altar of Makhleb.
  6982 | D:6      | Found a glowing golden altar of the Shining One.
  6986 | D:6      | Found a stormy altar of Qazlal.
  7431 | D:7      | Reached skill level 8 in Maces & Flails
  7920 | D:8      | Noticed Joseph
  7931 | D:8      | Killed Joseph
  7932 | D:8      | Reached XP level 10. HP: 27/61 MP: 10/10
  8904 | D:9      | Noticed a two-headed ogre
  8970 | D:9      | Reached skill level 9 in Maces & Flails
  9256 | D:9      | Noticed a two-headed ogre
  9269 | D:9      | Killed a two-headed ogre
  9435 | D:9      | Killed a two-headed ogre
  9667 | D:9      | Reached skill level 10 in Maces & Flails
  9667 | D:9      | Reached XP level 11. HP: 66/67 MP: 11/11
 10035 | D:10     | Entered Level 10 of the Dungeon
 10611 | D:10     | Noticed Grum
 10633 | D:10     | Killed Grum
 10932 | D:10     | Found a staircase to the Lair.
 11036 | D:11     | Found a portal to a secret trove of treasure.
 11112 | D:11     | Found the +5 scythe "Finisher" {speed, eviscerate}
 11133 | D:11     | Noticed a purple ugly thing
 11145 | D:11     | Killed a purple ugly thing
 11467 | D:11     | Noticed a purple ugly thing
 11484 | D:11     | Killed a purple ugly thing
 11660 | D:11     | Reached skill level 11 in Maces & Flails
 12166 | D:12     | Found a staircase to the Orcish Mines.
 12255 | D:12     | Noticed a brown ugly thing
 12270 | D:12     | Killed a brown ugly thing
 12364 | D:12     | Noticed a cyclops
 12373 | D:12     | Noticed a two-headed ogre
 12377 | D:12     | Killed a cyclops
 12378 | D:12     | Reached XP level 12. HP: 58/75 MP: 12/12
 12388 | D:12     | Killed a two-headed ogre
 12473 | D:12     | Noticed a boulder beetle
 12508 | D:12     | Killed a boulder beetle
 12650 | D:12     | Reached skill level 10 in Dodging
 12880 | D:12     | Reached skill level 12 in Maces & Flails
 13155 | D:12     | Noticed a centaur warrior
 13162 | D:12     | Killed a centaur warrior
 13211 | D:13     | Noticed a two-headed ogre
 13267 | D:13     | Killed a two-headed ogre
 13977 | D:13     | Reached XP level 13. HP: 82/82 MP: 13/13
 14305 | D:13     | Reached skill level 10 in Fighting
 14417 | D:13     | Found a gate to the Vaults.
 14417 | D:13     | Noticed an ironheart preserver
 14442 | D:13     | Killed an ironheart preserver
 14822 | D:14     | Reached skill level 13 in Maces & Flails
 14908 | D:14     | Reached skill level 10 in Armour
 14975 | D:14     | Found Memonwa's Antique Armour Shoppe.
 15429 | D:15     | Entered Level 15 of the Dungeon
 15868 | D:15     | Got a masterwork whip
 15959 | D:15     | Identified the +7 whip "Ajyane" {venom, +Blink rElec Int-2
                  | SInv} (You found it on level 15 of the Dungeon)
 16049 | D:15     | Slain by a skeletal warrior

Illustrated notes

Levels and vault maps discovered:
D:1:      dpeg_arrival_signposts, layout_loops_ring, st_stairs_11,
          minmay_crystal_water
D:2:      minmay_general_purpose_star, layout_rooms, uniq_natasha
D:3:      layout_loops_corners, nemelex_xobeh_ov_fountains_minmay,
          kennysheep_potato
D:4:      layout_loops_ring, minmay_temple_entry_statues_pillars, uniq_duvessa,
          uniq_edmund, uniq_menkaure
D:5:      lemuel_ratsnest, layout_basic, portal_sewer_entry_f, serial_shops,
          nicolae_shop_crystal, kennysheep_generic_room_4,
          uniq_crazy_yiuf_cottage
D:6:      layout_loops_ring, minitemple, nicolae_overflow_crystal_walls
D:7:      layout_rooms
D:8:      layout_cave_pods, uniq_joseph
D:9:      layout_roguey
D:10:     layout_long_grid, lair_entry_dummy, uniq_grum
D:11:     layout_roguey, nicolae_trove_entry_crossroad, serial_co_window_serial,
          co_window_paths_b, co_window_corner_a, co_window_of_opportunity_a,
          co_window_paths_b, co_window_corner_a, co_window_unsneaky_path_e,
          co_window_paths_c, co_window_corner_b, co_window_broadway_a,
          co_window_of_opportunity_b, co_window_of_opportunity_b,
          co_window_paths_d, minmay_misc_feat_diagonals,
          minmay_guarded_unrand_finisher
D:12:     layout_irregular_city, zombieorc2_lemuel
D:13:     layout_cave_pools, skrybe_vaults_entry_preservation
D:14:     layout_long_grid, serial_shops, shop
D:15:     grunt_enter_depths_snipers, layout_small_grid,
          chequers_serial_rivers_room_b, minmay_orc_keep
Temple:   eino_temple_rhombus

Skill      XL: |  1  2  3  4  5  6  7  8  9 10 11 12 13 |
---------------+----------------------------------------+-----
Armour         | 1 2 3 4 6 7 8 9 10 | 10.3
Dodging        | 3 4 5 7 8 9 10 11 | 11.6
Maces & Flails | 4 5 7 8 10 11 12 13 | 13.4
Fighting       | 3 4 5 6 7 8 9 10 | 10.6
Throwing       | |  1.7

Action                   |  1- 3 |  4- 6 |  7- 9 | 10-12 | 13-15 || total
-------------------------+-------+-------+-------+-------+-------++-------
Melee: Flail             |   121 |   106 |       |       |       ||   227
       Morningstar       |       |   143 |    77 |       |       ||   220
       Dire flail        |       |       |   390 |   975 |   342 ||  1707
       Whip              |       |       |       |       |    38 ||    38
Throw: Throwing net      |       |     1 |       |     2 |     1 ||     4
Evoke: Wand              |       |       |       |     3 |       ||     3
  Use: Scroll            |     2 |     7 |     4 |     7 |     5 ||    25
       Potion            |       |     2 |     3 |     1 |     4 ||    10
 Stab: Sleeping          |       |       |       |     3 |     1 ||     4
       Held in net/web   |       |       |       |     3 |       ||     3
Armor: Leather armour    |    41 |       |    26 |    92 |       ||   159
       Ring mail         |    15 |   142 |   173 |       |       ||   330
       Troll leather arm |       |       |       |   267 |   217 ||   484
Dodge: Dodged            |    90 |   206 |   386 |  1018 |   465 ||  2165
